[Event "Live Chess"]
[Site "Chess.com"]
[Date "2010.12.10"]
[Round "-"]
[White "hipposcottimus"]
[Black "JeeBusSS"]
[Result "0-1"]
[CurrentPosition "6R1/8/5R1B/pkp3p1/7p/P1p4P/1PP3P1/2K1r3 w - -"]
[Timezone "UTC"]
[ECO "B07"]
[ECOUrl "https://www.chess.com/openings/Pirc-Defense-2.d4"]
[UTCDate "2010.12.10"]
[UTCTime "03:07:34"]
[WhiteElo "1680"]
[BlackElo "1506"]
[TimeControl "60"]
[Termination "JeeBusSS won by checkmate"]
[StartTime "03:07:34"]
[EndDate "2010.12.10"]
[EndTime "03:09:26"]
[Link "https://www.chess.com/game/live/75779072"]

1. e4 d6 2. d4 f6 3. f4 e5 4. dxe5 dxe5 5. Qxd8+ Kxd8 6. fxe5 fxe5 7. Nf3 h6 8. Nxe5 Bd6 9. Nf7+ Ke7 10. Nxh8 Be5 11. Ng6+ Kf7 12. Nxe5+ Ke6 13. Bf4 g5 14. Bg3 h5 15. h3 h4 16. Bh2 c6 17. Nc3 Nd7 18. Nxd7 Bxd7 19. O-O-O Re8 20. Bc4+ Ke7 21. Bd6+ Kd8 22. Na4 b5 23. Nc5 bxc4 24. Nb7+ Kc8 25. Bh2 Kxb7 26. Rxd7+ Kb6 27. Rg7 Kb5 28. Bd6 a5 29. a3 c5 30. Rf1 Kc6 31. Rf6 Rxe4 32. Rxg8 c3 33. Bf8+ Kb5 34. Bh6 Re1# 0-1

[Event "Live Chess"]
[Site "Chess.com"]
[Date "2010.12.10"]
[Round "-"]
[White "hipposcottimus"]
[Black "benflordeliza"]
[Result "1-0"]
[CurrentPosition "6Q1/p2r4/6pk/7p/2nq4/8/P4PPP/2R2RK1 b - -"]
[Timezone "UTC"]
[ECO "C51"]
[ECOUrl "https://www.chess.com/openings/Giuoco-Piano-Game-Evans-Accepted-McDonnell-Defense-6.O-O"]
[UTCDate "2010.12.10"]
[UTCTime "02:08:02"]
[WhiteElo "1447"]
[BlackElo "1367"]
[TimeControl "600"]
[Termination "hipposcottimus won on time"]
[StartTime "02:08:02"]
[EndDate "2010.12.10"]
[EndTime "02:27:45"]
[Link "https://www.chess.com/game/live/75766163"]

1. e4 e5 2. Nf3 Nc6 3. Bc4 Bc5 4. b4 Bxb4 5. c3 Bc5 6. O-O Nf6 7. d4 exd4 8. cxd4 Be7 9. Nc3 d6 10. Qb3 O-O 11. Ng5 Na5 12. Bxf7+ Kh8 13. Qa4 c6 14. Be6 b5 15. Nxb5 cxb5 16. Qxb5 Rb8 17. Qf5 g6 18. Qf3 Kg7 19. Qh3 Nh5 20. Bxc8 Bxg5 21. Bg4 Nf4 22. Qf3 Nd5 23. Bxg5 Qxg5 24. Qg3 h5 25. exd5 Qxg4 26. Qxd6 Rb6 27. Qe5+ Kh6 28. d6 Nc4 29. Qe7 Rg8 30. d7 Rd6 31. Qe8 Rxd7 32. Qxg8 Qxd4 33. Rac1 1-0

[Event "Live Chess"]
[Site "Chess.com"]
[Date "2010.12.10"]
[Round "-"]
[White "zen1"]
[Black "hipposcottimus"]
[Result "1-0"]
[CurrentPosition "7k/p5Q1/1p2N3/3P4/2P5/1P1B4/P4PPP/R4RK1 b - -"]
[Timezone "UTC"]
[ECO "A06"]
[ECOUrl "https://www.chess.com/openings/Reti-Opening-1...d5-2.e3"]
[UTCDate "2010.12.10"]
[UTCTime "01:40:35"]
[WhiteElo "2066"]
[BlackElo "1691"]
[TimeControl "60"]
[Termination "zen1 won by checkmate"]
[StartTime "01:40:35"]
[EndDate "2010.12.10"]
[EndTime "01:42:47"]
[Link "https://www.chess.com/game/live/75760447"]

1. Nf3 d5 2. e3 Bg4 3. c4 e5 4. Be2 e4 5. Nd4 Bf5 6. Nxf5 g6 7. Ng3 Nc6 8. O-O d4 9. exd4 Nf6 10. d5 Ne5 11. b3 Bc5 12. Bb2 O-O 13. Bxe5 Bd6 14. Bxd6 Qxd6 15. d3 c6 16. dxe4 cxd5 17. exd5 Qf4 18. Nc3 Qh6 19. Nce4 Nh5 20. Nxh5 gxh5 21. Qc1 Kh8 22. Qxh6 f6 23. Nxf6 Rf7 24. Bd3 Rg7 25. Nxh5 Re7 26. Nf6 Rf7 27. Nxh7 Kg8 28. Qg6+ Rg7 29. Nf6+ Kf8 30. Qh6 Kf7 31. Nh5 Rgg8 32. Qh7+ Rg7 33. Qf5+ Kg8 34. Nxg7 Rf8 35. Qg5 Rf7 36. Ne6+ Kh8 37. Qh6+ Kg8 38. Qg6+ Kh8 39. Qxf7 b6 40. Qg7# 1-0

[Event "Live Chess"]
[Site "Chess.com"]
[Date "2010.12.10"]
[Round "-"]
[White "hipposcottimus"]
[Black "zen1"]
[Result "1-0"]
[CurrentPosition "rn1q1rk1/2pb1ppQ/p2b2n1/1p4N1/8/1BP5/PP3PPP/RNB2RK1 b - -"]
[Timezone "UTC"]
[ECO "B03"]
[ECOUrl "https://www.chess.com/openings/Alekhines-Defense-Normal-Variation-3.d4"]
[UTCDate "2010.12.10"]
[UTCTime "01:39:20"]
[WhiteElo "1693"]
[BlackElo "2064"]
[TimeControl "60"]
[Termination "hipposcottimus won by checkmate"]
[StartTime "01:39:20"]
[EndDate "2010.12.10"]
[EndTime "01:40:21"]
[Link "https://www.chess.com/game/live/75760192"]

1. e4 Nf6 2. e5 Nd5 3. d4 Nb4 4. c3 N4c6 5. Nf3 d6 6. Bb5 Bd7 7. Ba4 e6 8. O-O Be7 9. d5 exd5 10. Qxd5 O-O 11. exd6 Bxd6 12. Ng5 a6 13. Bb3 Ne7 14. Qc4 b5 15. Qh4 Ng6 16. Qxh7# 1-0

[Event "Live Chess"]
[Site "Chess.com"]
[Date "2010.12.10"]
[Round "-"]
[White "Renon-Allen"]
[Black "hipposcottimus"]
[Result "0-1"]
[CurrentPosition "8/1p6/p7/2k5/P1n3p1/4Pr2/4K3/6R1 w - -"]
[Timezone "UTC"]
[ECO "A00"]
[ECOUrl "https://www.chess.com/openings/Anderssen-Opening-Creepy-Crawly-Formation-Classical-Defense"]
[UTCDate "2010.12.10"]
[UTCTime "01:36:29"]
[WhiteElo "1597"]
[BlackElo "1677"]
[TimeControl "60"]
[Termination "hipposcottimus won on time"]
[StartTime "01:36:29"]
[EndDate "2010.12.10"]
[EndTime "01:38:46"]
[Link "https://www.chess.com/game/live/75759495"]

1. h3 e5 2. a3 d5 3. e3 c5 4. d3 e4 5. dxe4 dxe4 6. Qxd8+ Kxd8 7. Bc4 Be6 8. Bxe6 fxe6 9. Ne2 Nd7 10. O-O Kc7 11. Nf4 Rc8 12. Bd2 Kb8 13. Nc3 Ngf6 14. Nb5 e5 15. Ne2 g5 16. Nec3 h5 17. Na2 g4 18. h4 Rg8 19. g3 Nd5 20. Bc3 Bh6 21. a4 a6 22. Nd6 Rc6 23. Nf5 Rf6 24. Nd6 Rgf8 25. Nxe4 Rf3 26. Ng5 Bxg5 27. hxg5 Rg8 28. Nc1 Rxg5 29. Nd3 h4 30. Bxe5+ Nxe5 31. Nxe5 Rxe5 32. c4 Nb4 33. Rad1 hxg3 34. Rd8+ Kc7 35. Rfd1 gxf2+ 36. Kf1 Rh5 37. R8d7+ Kb6 38. R7d6+ Nc6 39. Ke2 Rh2 40. Rf1 Rg2 41. Rdd1 Rg1 42. Rxg1 fxg1=Q 43. Rxg1 Ne5 44. b4 Nxc4 45. bxc5+ Kxc5 0-1

[Event "Live Chess"]
[Site "Chess.com"]
[Date "2010.12.10"]
[Round "-"]
[White "hipposcottimus"]
[Black "aithomas87"]
[Result "1-0"]
[CurrentPosition "1k5r/pQp1q3/6pp/8/2P5/2Pr4/P3pPPP/1R3R1K b - -"]
[Timezone "UTC"]
[ECO "B07"]
[ECOUrl "https://www.chess.com/openings/Pirc-Defense-Modern-Defense-Geller-System"]
[UTCDate "2010.12.10"]
[UTCTime "01:33:33"]
[WhiteElo "1671"]
[BlackElo "1743"]
[TimeControl "60"]
[Termination "hipposcottimus won by checkmate"]
[StartTime "01:33:33"]
[EndDate "2010.12.10"]
[EndTime "01:35:01"]
[Link "https://www.chess.com/game/live/75758991"]

1. e4 d6 2. Nf3 Nd7 3. d4 g6 4. e5 Bg7 5. Bf4 Bh6 6. Qd2 Bxf4 7. Qxf4 dxe5 8. dxe5 e6 9. Ng5 Qe7 10. Nc3 h6 11. Nge4 f6 12. Nxf6+ Ndxf6 13. exf6 Nxf6 14. Bb5+ Bd7 15. Ba4 Bxa4 16. Nxa4 e5 17. Qe3 O-O-O 18. O-O Nd5 19. Qh3+ Kb8 20. c4 Nf4 21. Qc3 e4 22. Qb3 Rd3 23. Nc3 Ne2+ 24. Kh1 Nxc3 25. bxc3 e3 26. Rab1 e2 27. Qxb7# 1-0

[Event "Live Chess"]
[Site "Chess.com"]
[Date "2010.12.10"]
[Round "-"]
[White "hipposcottimus"]
[Black "vinkos5"]
[Result "0-1"]
[CurrentPosition "2rr2k1/4b1pp/4p3/3p4/3N4/1Q1b1P2/P2K2PP/8 w - -"]
[Timezone "UTC"]
[ECO "B22"]
[ECOUrl "https://www.chess.com/openings/Alapin-Sicilian-Defense-2...e6-3.d4"]
[UTCDate "2010.12.10"]
[UTCTime "01:30:25"]
[WhiteElo "1660"]
[BlackElo "1749"]
[TimeControl "60"]
[Termination "vinkos5 won on time"]
[StartTime "01:30:25"]
[EndDate "2010.12.10"]
[EndTime "01:32:38"]
[Link "https://www.chess.com/game/live/75758221"]

1. e4 e6 2. d4 c5 3. c3 cxd4 4. cxd4 d6 5. Nc3 Be7 6. Nf3 Nd7 7. Bd3 b5 8. d5 a6 9. dxe6 fxe6 10. Nxb5 axb5 11. Bxb5 Ba6 12. Ba4 Qa5+ 13. Bd2 Qxa4 14. Qxa4 Nf6 15. Qb3 Nc5 16. Qe3 Nd3+ 17. Kd1 Nxb2+ 18. Ke1 Nd3+ 19. Kd1 Nb2+ 20. Kc1 Nd3+ 21. Kb1 Rb8+ 22. Kc2 d5 23. Bc3 O-O 24. Nd4 Nxe4 25. Rab1 Rbc8 26. Rb3 Ndc5 27. Ra3 Nd3 28. Rb1 Nxc3 29. f3 Nb5+ 30. Kd2 Nxa3 31. Qxd3 Nxb1+ 32. Qxb1 Bd3 33. Qb3 Rfd8 0-1

[Event "Live Chess"]
[Site "Chess.com"]
[Date "2010.12.10"]
[Round "-"]
[White "vinkos5"]
[Black "hipposcottimus"]
[Result "0-1"]
[CurrentPosition "7k/5B1p/1p3p1B/4R3/1p6/6Q1/P2r1KPP/1R6 w - -"]
[Timezone "UTC"]
[ECO "C20"]
[ECOUrl "https://www.chess.com/openings/Kings-Pawn-Opening-MacLeod-Attack"]
[UTCDate "2010.12.10"]
[UTCTime "01:27:56"]
[WhiteElo "1749"]
[BlackElo "1660"]
[TimeControl "60"]
[Termination "hipposcottimus won on time"]
[StartTime "01:27:56"]
[EndDate "2010.12.10"]
[EndTime "01:29:59"]
[Link "https://www.chess.com/game/live/75757703"]

1. e4 e5 2. c3 Nc6 3. Bc4 Nf6 4. Qb3 d5 5. exd5 Na5 6. Qa4+ Bd7 7. Qxa5 Be7 8. b4 O-O 9. Qa3 b6 10. d3 c5 11. Bb3 cxb4 12. cxb4 a5 13. Bd2 axb4 14. Qb2 Bb5 15. Qxe5 Bxd3 16. Qd4 Bxb1 17. Rxb1 Bc5 18. Qd3 Qe7+ 19. Ne2 Rad8 20. O-O Nxd5 21. Bxd5 Qe5 22. Nf4 g6 23. Rfe1 g5 24. Rxe5 Bxf2+ 25. Kxf2 gxf4 26. Bxf4 Kh8 27. Qg3 f6 28. Bh6 Rf7 29. Bxf7 Rd2+ 0-1

[Event "Live Chess"]
[Site "Chess.com"]
[Date "2010.12.10"]
[Round "-"]
[White "tripp123"]
[Black "hipposcottimus"]
[Result "0-1"]
[CurrentPosition "4q1k1/pp6/5Qp1/8/3P4/3P1P2/3K1P2/6R1 w - -"]
[Timezone "UTC"]
[ECO "D00"]
[ECOUrl "https://www.chess.com/openings/Queens-Pawn-Opening-Levitsky-Attack-2...c6-3.e3"]
[UTCDate "2010.12.10"]
[UTCTime "00:49:44"]
[WhiteElo "1612"]
[BlackElo "1660"]
[TimeControl "60"]
[Termination "hipposcottimus won on time"]
[StartTime "00:49:44"]
[EndDate "2010.12.10"]
[EndTime "00:51:58"]
[Link "https://www.chess.com/game/live/75749433"]

1. d4 d5 2. Bg5 c6 3. e3 f6 4. Bh4 e5 5. dxe5 Nd7 6. exf6 Ngxf6 7. Nc3 Bb4 8. a3 Bxc3+ 9. bxc3 O-O 10. Ne2 Ne5 11. Nd4 Nc4 12. Qd3 Nb2 13. Rb1 c5 14. Nf3 c4 15. Qd4 Nd3+ 16. Bxd3 cxd3 17. cxd3 Bg4 18. h3 Bxf3 19. gxf3 Qd6 20. Rg1 Qxa3 21. Bxf6 Rxf6 22. Qxf6 g6 23. h4 Qa5 24. Rc1 d4 25. exd4 Re8+ 26. Kd2 Qa2+ 27. Rc2 Re2+ 28. Kxe2 Qxc2+ 29. Ke3 Qxc3 30. h5 Qc8 31. hxg6 Qe8+ 32. Kd2 hxg6 0-1

[Event "Live Chess"]
[Site "Chess.com"]
[Date "2010.12.10"]
[Round "-"]
[White "ulflki"]
[Black "hipposcottimus"]
[Result "0-1"]
[CurrentPosition "2kr2r1/p1p4p/1p6/8/1P2P3/P3Q1PK/2P4P/5q2 w - -"]
[Timezone "UTC"]
[ECO "A00"]
[ECOUrl "https://www.chess.com/openings/Kings-Fianchetto-Opening-1...e5-2.Bg2-d5"]
[UTCDate "2010.12.10"]
[UTCTime "00:46:14"]
[WhiteElo "1581"]
[BlackElo "1653"]
[TimeControl "60"]
[Termination "hipposcottimus won on time"]
[StartTime "00:46:14"]
[EndDate "2010.12.10"]
[EndTime "00:48:29"]
[Link "https://www.chess.com/game/live/75748659"]

1. g3 e5 2. Bg2 d5 3. b3 e4 4. Bb2 f5 5. d3 Qe7 6. f3 Nf6 7. fxe4 dxe4 8. dxe4 fxe4 9. Nc3 Qb4 10. a3 Qa5 11. b4 Qe5 12. e3 Bg4 13. Qd2 Nc6 14. Nge2 Bd6 15. O-O O-O-O 16. Nd5 Nh5 17. Bxe5 Bxe5 18. Ne7+ Nxe7 19. Qc1 Bxe2 20. Re1 Bf3 21. Bxf3 exf3 22. Rf1 Rhf8 23. e4 Bxa1 24. Qxa1 Ng6 25. Qe1 Ne5 26. Qf2 Ng4 27. Qc5 f2+ 28. Kg2 b6 29. Qxh5 Ne3+ 30. Kh3 Nxf1 31. Qe2 Ne3 32. Qxe3 f1=Q+ 33. Kh4 g5+ 34. Kxg5 Rg8+ 35. Kh4 Qh1 36. Kh3 Qf1+ 0-1

[Event "Live Chess"]
[Site "Chess.com"]
[Date "2010.12.10"]
[Round "-"]
[White "hipposcottimus"]
[Black "vinkos5"]
[Result "0-1"]
[CurrentPosition "3r4/1p4kp/p2B2p1/3R4/8/4b3/PP4PP/3R3K w - -"]
[Timezone "UTC"]
[ECO "B22"]
[ECOUrl "https://www.chess.com/openings/Alapin-Sicilian-Defense-2...e6-3.d4"]
[UTCDate "2010.12.10"]
[UTCTime "00:43:30"]
[WhiteElo "1646"]
[BlackElo "1749"]
[TimeControl "60"]
[Termination "vinkos5 won on time"]
[StartTime "00:43:30"]
[EndDate "2010.12.10"]
[EndTime "00:45:37"]
[Link "https://www.chess.com/game/live/75748057"]

1. e4 e6 2. d4 c5 3. c3 cxd4 4. cxd4 d6 5. Nf3 Nc6 6. Nc3 Bd7 7. Bb5 Qb6 8. O-O a6 9. Ba4 Qc7 10. d5 Ne5 11. Nxe5 dxe5 12. Bxd7+ Qxd7 13. f4 exf4 14. Bxf4 Bd6 15. e5 Bc5+ 16. Kh1 exd5 17. Nxd5 Rd8 18. e6 fxe6 19. Nc7+ Qxc7 20. Bxc7 Rxd1 21. Raxd1 Ne7 22. Rfe1 O-O 23. Rxe6 Nf5 24. Re5 Be3 25. Bd6 Rd8 26. Rxf5 g6 27. Rfd5 Kg7 0-1

[Event "Live Chess"]
[Site "Chess.com"]
[Date "2010.12.10"]
[Round "-"]
[White "vitosha"]
[Black "hipposcottimus"]
[Result "0-1"]
[CurrentPosition "5r1k/pr4pp/1p6/2p5/8/P2P1pqP/1P1B4/R1Q1R1K1 w - -"]
[Timezone "UTC"]
[ECO "A00"]
[ECOUrl "https://www.chess.com/openings/Vant-Kruijs-Opening-1...e5"]
[UTCDate "2010.12.10"]
[UTCTime "00:40:22"]
[WhiteElo "1409"]
[BlackElo "1646"]
[TimeControl "60"]
[Termination "hipposcottimus won on time"]
[StartTime "00:40:22"]
[EndDate "2010.12.10"]
[EndTime "00:42:05"]
[Link "https://www.chess.com/game/live/75747357"]

1. e3 e5 2. Be2 d5 3. h3 d4 4. d3 dxe3 5. Bxe3 f5 6. a3 f4 7. Bd2 Nf6 8. Nf3 Nc6 9. Nc3 Bd6 10. Na2 Nd4 11. Nxd4 exd4 12. Bf3 O-O 13. O-O Rb8 14. Nb4 b6 15. Nd5 c5 16. Nxf6+ Qxf6 17. c3 Bb7 18. cxd4 Qxd4 19. Qb3+ Kh8 20. Qc2 Qf6 21. Qc1 Qg6 22. Bxb7 Rxb7 23. Re1 f3 24. g3 Bxg3 25. fxg3 Qxg3+ 0-1

[Event "Live Chess"]
[Site "Chess.com"]
[Date "2010.12.10"]
[Round "-"]
[White "hipposcottimus"]
[Black "Ari123"]
[Result "1-0"]
[CurrentPosition "r3qrk1/ppp2p1p/4p1p1/8/2n1B3/1P3PB1/P4P1P/Q5RK b - -"]
[Timezone "UTC"]
[ECO "B06"]
[ECOUrl "https://www.chess.com/openings/Modern-Defense-with-1-e4-2.Nf3"]
[UTCDate "2010.12.10"]
[UTCTime "00:38:47"]
[WhiteElo "1646"]
[BlackElo "1546"]
[TimeControl "60"]
[Termination "hipposcottimus won on time"]
[StartTime "00:38:47"]
[EndDate "2010.12.10"]
[EndTime "00:39:45"]
[Link "https://www.chess.com/game/live/75746993"]

1. e4 g6 2. Nf3 Bg7 3. e5 e6 4. d4 Ne7 5. c4 O-O 6. Nc3 d6 7. Be2 dxe5 8. dxe5 Qe8 9. O-O Bd7 10. Bd3 Nbc6 11. Bf4 Nb4 12. Re1 Bc6 13. Bc2 Bxf3 14. gxf3 Nec6 15. Kh1 Na6 16. Rg1 Nc5 17. Bg3 Nxe5 18. Ne4 Nxe4 19. Bxe4 Nxc4 20. b3 Bxa1 21. Qxa1 1-0

[Event "Live Chess"]
[Site "Chess.com"]
[Date "2010.12.10"]
[Round "-"]
[White "Ari123"]
[Black "hipposcottimus"]
[Result "0-1"]
[CurrentPosition "5rk1/4Qpp1/q7/7p/8/2P1P1P1/P1P1KP2/4R1R1 w - -"]
[Timezone "UTC"]
[ECO "A00"]
[ECOUrl "https://www.chess.com/openings/Kings-Fianchetto-Opening-1...e5-2.Bg2-d5"]
[UTCDate "2010.12.10"]
[UTCTime "00:36:10"]
[WhiteElo "1552"]
[BlackElo "1640"]
[TimeControl "60"]
[Termination "hipposcottimus won on time"]
[StartTime "00:36:10"]
[EndDate "2010.12.10"]
[EndTime "00:38:12"]
[Link "https://www.chess.com/game/live/75746530"]

1. g3 e5 2. Bg2 d5 3. e3 e4 4. Ne2 Nf6 5. O-O Bg4 6. d3 Be7 7. dxe4 dxe4 8. Nbc3 Bf3 9. Bxf3 exf3 10. Nd4 Nd5 11. Qxf3 Nxc3 12. bxc3 O-O 13. Qxb7 Nd7 14. Nc6 Qe8 15. Qxc7 Rc8 16. Nxe7+ Qxe7 17. Qxa7 Qe6 18. Ba3 Ne5 19. Bxf8 Nf3+ 20. Kg2 Qe4 21. Qe7 Nh4+ 22. Kh3 Qg2+ 23. Kxh4 Qxh2+ 24. Kg4 h5+ 25. Kf3 Rxf8 26. Ke2 Qg2 27. Rae1 Qa8 28. Rg1 Qa6+ 0-1

[Event "Live Chess"]
[Site "Chess.com"]
[Date "2010.12.10"]
[Round "-"]
[White "hipposcottimus"]
[Black "adnara"]
[Result "0-1"]
[CurrentPosition "6k1/p6p/1p4p1/2p5/4B3/5P1K/7P/6q1 w - -"]
[Timezone "UTC"]
[ECO "B06"]
[ECOUrl "https://www.chess.com/openings/Modern-Defense-Three-Pawns-Attack"]
[UTCDate "2010.12.10"]
[UTCTime "00:33:10"]
[WhiteElo "1634"]
[BlackElo "1560"]
[TimeControl "60"]
[Termination "adnara won on time"]
[StartTime "00:33:10"]
[EndDate "2010.12.10"]
[EndTime "00:35:27"]
[Link "https://www.chess.com/game/live/75745782"]

1. e4 g6 2. d4 Bg7 3. f4 e6 4. e5 Ne7 5. Nf3 d6 6. c4 Nd7 7. Nc3 O-O 8. Be2 b6 9. O-O Bb7 10. Be3 dxe5 11. dxe5 f6 12. exf6 Nxf6 13. Bd4 c5 14. Be5 Nc6 15. Qe1 Nxe5 16. fxe5 Nd7 17. Bd3 Bxf3 18. Rxf3 Rxf3 19. gxf3 Nxe5 20. Qxe5 Bxe5 21. Be4 Bxc3 22. bxc3 Rb8 23. Rf1 Qg5+ 24. Kh1 Rf8 25. Rg1 Qf4 26. Rg4 Qe3 27. Kg2 Qe2+ 28. Kg3 Qxa2 29. Rf4 Rxf4 30. Kxf4 Qd2+ 31. Ke5 Qxc3+ 32. Kxe6 Qxc4+ 33. Ke5 Qc3+ 34. Kf4 Qc2 35. Kg3 Qd2 36. Kg4 Qe1 37. Kh3 Qg1 0-1

[Event "Live Chess"]
[Site "Chess.com"]
[Date "2010.12.10"]
[Round "-"]
[White "georgethe12345"]
[Black "hipposcottimus"]
[Result "0-1"]
[CurrentPosition "6rk/ppR1R3/8/3P4/5n2/6P1/P5qP/6K1 w - -"]
[Timezone "UTC"]
[ECO "C58"]
[ECOUrl "https://www.chess.com/openings/Italian-Game-Knight-Attack-Polerio-Bishop-Check-Line-6...Bd7"]
[UTCDate "2010.12.10"]
[UTCTime "00:19:24"]
[WhiteElo "1433"]
[BlackElo "1440"]
[TimeControl "600"]
[Termination "hipposcottimus won by checkmate"]
[StartTime "00:19:24"]
[EndDate "2010.12.10"]
[EndTime "00:30:59"]
[Link "https://www.chess.com/game/live/75742785"]

1. e4 e5 2. Nf3 Nc6 3. Bc4 Nf6 4. Ng5 d5 5. exd5 Na5 6. Bb5+ Bd7 7. Bxd7+ Nxd7 8. Nf3 Be7 9. Nc3 O-O 10. d3 f5 11. O-O e4 12. Nd4 Bb4 13. Qh5 Bxc3 14. bxc3 Ne5 15. Nxf5 Qf6 16. dxe4 g6 17. Nh6+ Kg7 18. Qh3 Nac4 19. Ng4 Nxg4 20. Qxg4 Ne5 21. Qh3 c6 22. Bh6+ Kf7 23. Bxf8 Kxf8 24. Qxh7 cxd5 25. f3 Nf7 26. exd5 Qxc3 27. Qxg6 Qxc2 28. Rac1 Qxg6 29. Rc7 Kg7 30. Re1 Rg8 31. Ree7 Kh8 32. g3 Ng5 33. f4 Nh3+ 34. Kg2 Nxf4+ 35. Kf3 Qg4+ 36. Kf2 Nh3+ 37. Kg2 Nf4+ 38. Kg1 Qd1+ 39. Kf2 Qe2+ 40. Kg1 Qg2# 0-1

[Event "Live Chess"]
[Site "Chess.com"]
[Date "2010.12.10"]
[Round "-"]
[White "hipposcottimus"]
[Black "Jpilger"]
[Result "0-1"]
[CurrentPosition "8/p2kn3/P2p2pp/2pP1p2/2P5/3P4/5PPP/1r4K1 w - -"]
[Timezone "UTC"]
[ECO "B30"]
[ECOUrl "https://www.chess.com/openings/Sicilian-Defense-Old-Sicilian-Variation-3.c4"]
[UTCDate "2010.12.10"]
[UTCTime "00:17:01"]
[WhiteElo "1643"]
[BlackElo "1581"]
[TimeControl "60"]
[Termination "Jpilger won by checkmate"]
[StartTime "00:17:01"]
[EndDate "2010.12.10"]
[EndTime "00:18:33"]
[Link "https://www.chess.com/game/live/75742300"]

1. e4 c5 2. Nf3 Nc6 3. c4 d6 4. d3 g6 5. Nc3 Bg7 6. Bd2 Bg4 7. Be2 Bxf3 8. Bxf3 Nd4 9. O-O Nxf3+ 10. Qxf3 Bd4 11. Be3 Bxe3 12. Qxe3 e6 13. Nd5 exd5 14. exd5+ Qe7 15. Rfe1 Qxe3 16. Rxe3+ Kd7 17. Rae1 f5 18. a3 h6 19. b4 b6 20. bxc5 bxc5 21. Rb1 Kc7 22. a4 Rh7 23. a5 Re7 24. Rxe7+ Nxe7 25. a6 Rb8 26. Re1 Kd7 27. Rb1 Rxb1# 0-1

[Event "Live Chess"]
[Site "Chess.com"]
[Date "2010.12.10"]
[Round "-"]
[White "hipposcottimus"]
[Black "mathbeauty"]
[Result "0-1"]
[CurrentPosition "3r1k2/pp3p2/2p3p1/4n1N1/B1b5/6R1/PP3bPP/7K w - -"]
[Timezone "UTC"]
[ECO "C42"]
[ECOUrl "https://www.chess.com/openings/Petrovs-Defense-Urusov-Gambit"]
[UTCDate "2010.12.10"]
[UTCTime "00:13:59"]
[WhiteElo "1652"]
[BlackElo "1388"]
[TimeControl "120"]
[Termination "mathbeauty won on time"]
[StartTime "00:13:59"]
[EndDate "2010.12.10"]
[EndTime "00:16:06"]
[Link "https://www.chess.com/game/live/75741400"]

1. e4 e5 2. Nf3 Nf6 3. Bc4 d6 4. d4 exd4 5. c3 dxc3 6. Nxc3 h6 7. O-O Be7 8. e5 dxe5 9. Nxe5 Be6 10. Bb5+ c6 11. Qxd8+ Bxd8 12. Ba4 O-O 13. f4 Nbd7 14. Rf3 Nxe5 15. fxe5 Ng4 16. Rg3 Nxe5 17. Bxh6 g6 18. Bxf8 Kxf8 19. Ne4 Bb6+ 20. Kh1 Rd8 21. Rf1 Bd5 22. Ng5 Bc4 23. Rf2 Bxf2 0-1

[Event "Live Chess"]
[Site "Chess.com"]
[Date "2010.12.10"]
[Round "-"]
[White "Biassa"]
[Black "hipposcottimus"]
[Result "0-1"]
[CurrentPosition "6k1/pp4pp/2p5/8/1P1P1Nn1/3Kr3/1P5P/5R2 w - -"]
[Timezone "UTC"]
[ECO "D00"]
[ECOUrl "https://www.chess.com/openings/Queens-Pawn-Opening-1...d5-2.e3"]
[UTCDate "2010.12.10"]
[UTCTime "00:04:45"]
[WhiteElo "1588"]
[BlackElo "1664"]
[TimeControl "60"]
[Termination "hipposcottimus won on time"]
[StartTime "00:04:45"]
[EndDate "2010.12.10"]
[EndTime "00:06:47"]
[Link "https://www.chess.com/game/live/75739437"]

1. d4 d5 2. e3 c6 3. Bd3 Nd7 4. Nc3 e6 5. f3 Ngf6 6. Bd2 Bb4 7. e4 O-O 8. e5 Ne8 9. a3 f6 10. axb4 fxe5 11. f4 exd4 12. Nce2 Qh4+ 13. g3 Qh6 14. c3 Qf6 15. cxd4 e5 16. Qc2 e4 17. f5 Qxf5 18. g4 Qf2+ 19. Kd1 exd3 20. Qxd3 Nb6 21. Nc3 Nc4 22. Kc2 Nxd2 23. Re1 Bxg4 24. Re2 Bf5 25. Rxf2 Bxd3+ 26. Kxd3 Rxf2 27. Ke3 Rg2 28. Nge2 Ne4 29. Nxe4 Rg6 30. Rf1 dxe4 31. Kxe4 Nf6+ 32. Kd3 Re8 33. Nf4 Rg2 34. Nxg2 Ng4 35. Nf4 Re3+ 0-1

[Event "Live Chess"]
[Site "Chess.com"]
[Date "2010.12.09"]
[Round "-"]
[White "chessplayer2731"]
[Black "hipposcottimus"]
[Result "1-0"]
[CurrentPosition "1R3k2/7Q/3p1rp1/p3p3/8/8/PPP2PPP/6K1 b - -"]
[Timezone "UTC"]
[ECO "C45"]
[ECOUrl "https://www.chess.com/openings/Scotch-Game"]
[UTCDate "2010.12.09"]
[UTCTime "22:22:37"]
[WhiteElo "1616"]
[BlackElo "1657"]
[TimeControl "60"]
[Termination "chessplayer2731 won by checkmate"]
[StartTime "22:22:37"]
[EndDate "2010.12.09"]
[EndTime "22:24:24"]
[Link "https://www.chess.com/game/live/75714121"]

1. e4 e5 2. Nf3 Nc6 3. d4 Nf6 4. d5 Ne7 5. Nc3 d6 6. Bd3 c6 7. O-O cxd5 8. exd5 Nexd5 9. Nxd5 Nxd5 10. Bc4 Be6 11. Re1 Nb6 12. Bxe6 fxe6 13. Ng5 Be7 14. Nxe6 Kf7 15. Nxd8+ Raxd8 16. Qf3+ Bf6 17. Bg5 Kg6 18. Re4 Rhf8 19. Bxf6 Rxf6 20. Qg3+ Kf7 21. Rg4 g6 22. Qh3 Kg7 23. Rh4 Rh8 24. Rd1 Nd5 25. Rxd5 b5 26. Rxb5 a5 27. Rb7+ Kg8 28. Rhxh7 Rxh7 29. Qxh7+ Kf8 30. Rb8# 1-0

[Event "Live Chess"]
[Site "Chess.com"]
[Date "2010.12.09"]
[Round "-"]
[White "Tirziman"]
[Black "hipposcottimus"]
[Result "0-1"]
[CurrentPosition "r2q1rk1/pp3ppp/5n2/6N1/4bb2/1P2Q3/PP1K1P1P/R1B3R1 w - -"]
[Timezone "UTC"]
[ECO "C57"]
[ECOUrl "https://www.chess.com/openings/Italian-Game-Knight-Attack-Polerio-Defense"]
[UTCDate "2010.12.09"]
[UTCTime "22:20:41"]
[WhiteElo "1580"]
[BlackElo "1666"]
[TimeControl "60"]
[Termination "hipposcottimus won by resignation"]
[StartTime "22:20:41"]
[EndDate "2010.12.09"]
[EndTime "22:22:03"]
[Link "https://www.chess.com/game/live/75713592"]

1. e4 e5 2. Nf3 Nc6 3. Bc4 Nf6 4. Ng5 d5 5. exd5 Na5 6. Bb3 Bd7 7. d6 Nxb3 8. cxb3 cxd6 9. Qf3 e4 10. Qf4 d5 11. g4 Be6 12. Nc3 Bd6 13. Qe3 Bxg4 14. Rg1 Bf3 15. d3 O-O 16. dxe4 dxe4 17. Ncxe4 Bxe4 18. Kd2 Bf4+ 0-1